 Dungeon Crawl Stone Soup version 0.29-a0-757-g358383bc75 (webtiles) character file.

Game seed: 4323231435696776115

8458 frimble the Blocker (level 11, -3/97 HPs)
             Began as a Minotaur Hunter on July 1, 2022.
             Was an Elder of Okawaru.
             Slain by a two-headed ogre
             ... wielding a +0 giant spiked club
              (21 damage)
             ... on level 11 of the Dungeon.
             The game lasted 00:12:21 (8852 turns).

frimble the Blocker (Minotaur Hunter)               Turns: 8852, Time: 00:12:21

Health: -3/97      AC: 15    Str: 18    XL:     11   Next: 10%
Magic:  14/14      EV: 17    Int:  6    God:    Okawaru [****..]
Gold:   139        SH:  9    Dex: 22    Spells: 10/10 levels left

rFire   . . .      SeeInvis .   a - +1 broad axe
rCold   . . .      Faith    .   i - +0 buckler
rNeg    . . .      Spirit   .   D - +0 troll leather armour
rPois   .          Reflect  .   (helmet restricted)
rElec   .          Harm     .   E - +0 cloak
rCorr   .          Rampage  .   p - +0 pair of gloves
Will    .....                   o - +0 pair of boots
Stlth   ++++......              s - amulet of regeneration
HPRegen 1.86/turn               x - +4 ring of protection
MPRegen 0.14/turn               I - +6 ring of dexterity

@: heroic
A: horns 2, retaliatory headbutt
a: Renounce Religion, Heroism, Finesse


You were on level 11 of the Dungeon.
You worshipped Okawaru.
Okawaru was greatly pleased with you.
You visited 2 branches of the dungeon, and saw 12 of its levels.

You collected 490 gold pieces.
You spent 351 gold pieces at shops.

Inventory:

Hand Weapons
 a - a +1 broad axe (weapon)
 b - a +0 dagger
 c - a +2 flail of draining
 q - a +0 shortbow
Armour
 i - a +0 buckler (worn)
 j - a +4 scale mail of poison resistance
 o - a +0 pair of boots (worn)
 p - a +0 pair of gloves (worn)
 r - +1 gold dragon scales
 D - a +0 troll leather armour (worn)
 E - a +0 cloak (worn)
Jewellery
 s - an amulet of regeneration (around neck)
 v - a ring of wizardry
 x - a +4 ring of protection (left hand)
 I - a +6 ring of dexterity (right hand)
 J - a ring of wizardry
Wands
 y - a wand of acid (2)
 B - a wand of flame (21)
 K - a wand of mindburst (3)
Scrolls
 e - 2 scrolls of immolation
 f - 2 scrolls of fog
 m - 8 scrolls of teleportation
 w - 2 scrolls of blinking
 A - 4 scrolls of magic mapping
 H - 4 scrolls of identify
Potions
 d - 3 potions of magic {unknown}
 g - 2 potions of mutation {unknown}
 h - 3 potions of resistance
 k - 2 potions of invisibility
 l - 2 potions of ambrosia {unknown}
 n - 7 potions of curing
 t - a potion of brilliance {unknown}
 u - a potion of flight {unknown}
 z - a potion of cancellation {unknown}
 C - 6 potions of heal wounds
 F - 2 potions of lignification {unknown}
 G - a potion of berserk rage


   Skills:
 + Level 9.2(14.2) Fighting
 - Level 1.2(6.2) Short Blades
 + Level 8.5(14.0) Axes
 - Level 4.4(12.0) Maces & Flails
 - Level 5.0(10.0) Ranged Weapons
 + Level 8.4(13.4) Armour
 - Level 2.8(7.8) Dodging
 - Level 1.3(6.3) Stealth
 + Level 10.5(15.5) Shields
 + Level 5.9 Invocations


You had 10 spell levels left.
You didn't know any spells.
Your spell library contained the following spells:

 Spells                   Type           Power      Damage    Failure   Level
 Apportation              Tloc           0%         N/A       54%         1
 Necrotize                Necr           0%         1d4       54%         1
 Static Discharge         Conj/Air       0%         N/A       67%         2
 Inner Flame              Hex/Fire       0%         N/A       88%         3
 Portal Projectile        Hex/Tloc       0%         N/A       88%         3
 Cause Fear               Hex            0%         N/A       99%         4
 Hailstorm                Conj/Ice       0%         3d3       99%         4
 Ice Form                 Ice/Tmut       0%         N/A       99%         4
 Leda's Liquefaction      Hex/Erth       0%         N/A       99%         4
 Alistair's Intoxication  Tmut/Pois      0%         N/A       100%        5
 Borgnjor's Vile Clutch   Necr/Erth      0%         N/A       100%        5
 Lightning Bolt           Conj/Air       0%         1d11      100%        5
 Eringya's Noxious Bog    Tmut/Pois      0%         N/A       100%        6
 Discord                  Hex            0%         N/A       100%        8
 Maxwell's Capacitive Co  Air            0%         ∞         100%        8
 Summon Small Mammal      Summ           Unusable   N/A       N/A         1
 Call Canine Familiar     Summ           Unusable   N/A       N/A         3
 Simulacrum               Ice/Necr       Unusable   N/A       N/A         6

Dungeon Overview and Level Annotations

Branches:
Dungeon (11/15)            Temple (1/1) D:5
   Lair: D:8-11         Orc: D:9-12

Altars:
Ashenzari
Dithmenos
Elyvilon
Fedhas
Gozag
Hepliaklqana
Kikubaaqudgha
Makhleb
Nemelex Xobeh
Okawaru
Sif Muna
Trog
Uskayaw
Vehumet
Wu Jian
Xom
Yredelemnul
Zin

Shops:
D:6 ?   D:8 (*[![

Annotations:
Temple 4 transporters


Innate Abilities, Weirdness & Mutations

You have a pair of horns on your head.
You reflexively headbutt those who attack you in melee.


Message History

You gain the combat prowess of a mighty hero.
You slash the two-headed ogre! You headbutt the two-headed ogre!
The two-headed ogre is heavily wounded.
You slash the two-headed ogre! You headbutt the two-headed ogre!
The two-headed ogre is severely wounded.
The two-headed ogre completely misses you.
You furiously retaliate!
You headbutt the two-headed ogre!
You kill the two-headed ogre!
Okawaru accepts your kill.
No target in view!
No target in view!
A two-headed ogre comes into view.
It is wielding a +0 giant spiked club and a +0 giant club.
A two-headed ogre is nearby!
A two-headed ogre is nearby!
You catch the helpless two-headed ogre completely off-guard!
You slash the two-headed ogre! You headbutt the two-headed ogre!
The two-headed ogre is moderately wounded.
The two-headed ogre hits you with a +0 giant spiked club!!
The two-headed ogre barely misses you.
You are too injured to fight recklessly!
You are too injured to fight recklessly!
You are too injured to fight recklessly!
You are too injured to fight recklessly!
You are too injured to fight recklessly!
You are too injured to fight recklessly!
You are too injured to fight recklessly!
You hit the two-headed ogre but do no damage.
The two-headed ogre is moderately wounded.
The two-headed ogre hits you with a +0 giant spiked club!!
The two-headed ogre hits you with a +0 giant club!!
* * * LOW HITPOINT WARNING * * *
You slash the two-headed ogre!
Your headbutt misses the two-headed ogre.
The two-headed ogre is severely wounded.
You hit the two-headed ogre.
The two-headed ogre is severely wounded.
The two-headed ogre hits you with a +0 giant spiked club!
* * * LOW HITPOINT WARNING * * *
The two-headed ogre hits you with a +0 giant club!!
You die...

#..# .# #..# .#
#..# .# #..##.#
#.)##.# #..##.#
#.....# #.....#
#...@.#
#$.O..#########
#..............
#......<..#.##
#...........#
#.........###
#.........#
#.........#
#.........#


You could see a two-headed ogre.

Vanquished Creatures
  2 two-headed ogres
  A troll (D:10)
  Grinder (D:4)
  A hornet (D:10)
  Sigmund (D:6)
  A wyvern (D:9)
  18 yaks
  2 wraiths
  A steam dragon (D:5)
  Menkaure (D:4)
  Edmund (D:4)
  Duvessa (D:7)
  An acid dragon (D:10)
  2 ice beasts
  2 orc warriors
  A sky beast (D:7)
  3 black bears
  4 centaurs
  A phantom (D:5)
  3 bullfrogs
  A necrophage (D:4)
  4 kobold brigands
  A gnoll sergeant (D:8)
  2 scorpions (D:5)
  Dowan (D:7)
  7 howler monkeys
  2 jellies
  2 orc priests
  2 gnoll shamans
  Ijyb (D:4)
  3 iguanas
  7 orc wizards
  8 adders
  14 gnolls
  2 white imps
  2 ufetubi (D:5)
  2 worms
  14 orcs
  9 bats
  8 endoplasms
  3 goblins
  7 hobgoblins
  13 jackals
  18 kobolds
  4 quokkas
  7 ball pythons
  4 frilled lizards
  4 rats
200 creatures vanquished.

Vanquished Creatures (others)
  2 fungi (D:2)
2 creatures vanquished.

Grand Total: 202 creatures vanquished

Notes
Turn   | Place    | Note
-------+----------+-------------------------------------------
     0 | D:1      | frimble the Minotaur Hunter began the quest for the Orb.
     0 | D:1      | Reached XP level 1. HP: 18/18 MP: 0/0
    39 | D:1      | Reached skill level 1 in Stealth
    50 | D:1      | Reached XP level 2. HP: 11/25 MP: 1/1
   494 | D:1      | Reached XP level 3. HP: 29/30 MP: 2/2
   605 | D:2      | Reached skill level 1 in Short Blades
   727 | D:2      | Reached skill level 1 in Shields
  1496 | D:3      | Reached XP level 4. HP: 38/38 MP: 3/3
  1710 | D:3      | Noticed Grinder
  2009 | D:3      | Reached skill level 2 in Shields
  2054 | D:3      | Reached skill level 5 in Ranged Weapons
  2056 | D:3      | Reached skill level 1 in Axes
  2056 | D:3      | Reached XP level 5. HP: 9/45 MP: 4/4
  2064 | D:3      | Reached skill level 1 in Armour
  2805 | D:4      | Noticed Menkaure
  2813 | D:4      | Killed Menkaure
  2814 | D:4      | Reached skill level 3 in Shields
  2814 | D:4      | Reached XP level 6. HP: 11/52 MP: 5/5
  2938 | D:4      | Reached skill level 4 in Shields
  3184 | D:4      | Noticed Ijyb
  3220 | D:4      | Killed Ijyb
  3408 | D:5      | Entered Level 5 of the Dungeon
  3409 | D:5      | Noticed a steam dragon
  3441 | D:4      | Reached XP level 7. HP: 49/60 MP: 6/6
  3614 | D:4      | Reached skill level 5 in Shields
  3644 | D:5      | Noticed Edmund
  3677 | D:4      | Killed Edmund
  3678 | D:4      | Reached skill level 5 in Fighting
  3829 | D:4      | Paralysed by Grinder for 3 turns
  3846 | D:4      | Paralysed by Grinder for 4 turns
  3852 | D:4      | Killed Grinder
  3853 | D:4      | Reached skill level 1 in Maces & Flails
  3892 | D:5      | Killed a steam dragon
  3893 | D:5      | Reached skill level 6 in Shields
  3893 | D:5      | Reached XP level 8. HP: 62/69 MP: 7/7
  3980 | D:5      | Found a blossoming altar of Fedhas.
  4010 | D:5      | Found a staircase to the Ecumenical Temple.
  4024 | Temple   | Entered the Ecumenical Temple
  4024 | Temple   | Found a transporter.
  4024 | Temple   | Found a transporter.
  4026 | Temple   | Found a transporter.
  4026 | Temple   | Found a transporter.
  4042 | Temple   | Became a worshipper of Warmaster Okawaru
  4376 | D:5      | Reached skill level 1 in Invocations
  4395 | D:5      | Reached skill level 7 in Shields
  4608 | D:6      | Reached * piety under Okawaru
  4609 | D:6      | Reached skill level 5 in Axes
  4792 | D:6      | Found Heyship's Magic Scroll Emporium.
  4805 | D:6      | Bought a scroll of teleportation for 36 gold pieces
  4805 | D:6      | Bought a scroll of teleportation for 36 gold pieces
  4805 | D:6      | Bought a scroll of magic mapping for 42 gold pieces
  4805 | D:6      | Bought a scroll of teleportation for 36 gold pieces
  4805 | D:6      | Bought a scroll of teleportation for 36 gold pieces
  4805 | D:6      | Bought a scroll of blinking for 90 gold pieces
  4900 | D:6      | Noticed Sigmund
  4911 | D:6      | Killed Sigmund
  4912 | D:6      | Reached skill level 5 in Armour
  4912 | D:6      | Reached XP level 9. HP: 70/77 MP: 7/9
  5170 | D:7      | Noticed Dowan
  5170 | D:7      | Noticed Duvessa
  5181 | D:7      | Killed Dowan
  5201 | D:7      | Killed Duvessa
  5202 | D:7      | Reached skill level 8 in Shields
  6197 | D:7      | Found a shimmering altar of Xom.
  6201 | D:7      | Found an opulent altar of Gozag.
  6459 | D:8      | Found Ulugag's Armour Emporium.
  6519 | D:8      | Reached ** piety under Okawaru
  6655 | D:8      | Found Daulixi's General Store.
  6658 | D:8      | Bought a potion of heal wounds for 75 gold pieces
  6730 | D:8      | Reached skill level 9 in Shields
  6753 | D:8      | Found Wupsif's Antique Armour Shop.
  6834 | D:8      | Found Povomig's Antique Weapon Shoppe.
  7289 | D:8      | Found Tixzofux's Distillery.
  7545 | D:9      | Reached XP level 10. HP: 60/86 MP: 8/12
  7552 | D:9      | Reached *** piety under Okawaru
  7835 | D:9      | Noticed a two-headed ogre
  7844 | D:9      | Killed a two-headed ogre
  7844 | D:9      | Reached **** piety under Okawaru
  8137 | D:10     | Entered Level 10 of the Dungeon
  8177 | D:10     | Reached skill level 5 in Invocations
  8547 | D:10     | Reached skill level 10 in Shields
  8667 | D:10     | Reached XP level 11. HP: 90/97 MP: 14/14
  8836 | D:11     | Noticed a two-headed ogre
  8844 | D:11     | Killed a two-headed ogre
  8845 | D:11     | Noticed a two-headed ogre
  8852 | D:11     | Slain by a two-headed ogre

Illustrated notes

Levels and vault maps discovered:
D:1:      grunt_arrival_lava_bath, layout_rooms
D:2:      layout_loops_ring, chequers_serial_rivers_micro_c,
          uniq_crazy_yiuf_cottage
D:3:      layout_basic, st_stairs_13, bh_walls_and_bars, uniq_grinder
D:4:      layout_rooms, uniq_menkaure, uniq_ijyb
D:5:      layout_loops_cross, general_overflow_altar, minmay_temple_entry_mist,
          grunt_ministairs_10, minmay_between, uniq_edmund
D:6:      layout_basic, mainiacjoe_overflow_divided_tiny, serial_shops, shop,
          uniq_eustachio, uniq_sigmund
D:7:      layout_basic, minitemple, dreamdust_gnoll_shepherd, uniq_duvessa
D:8:      layout_layer_cave, serial_shops, nicolae_shop_behind_doors, shop,
          nicolae_shop_behind_doors, shop, nicolae_square_shop
D:9:      layout_basic, minmay_misc_feat_plants
D:10:     layout_gridville
D:11:     kennysheep_spiral_hall, layout_stronghold, david_lair_generic,
          minivault_13
Temple:   hellmonk_temple_divided_pantheon

Skill      XL: |  1  2  3  4  5  6  7  8  9 10 |
---------------+-------------------------------+-----
Stealth        | 1 |  1.3
Fighting       | 3 4 5 6 7 9 |  9.2
Short Blades   | 1 |  1.2
Shields        | 1 2 3 4 6 7 9 10 | 10.5
Ranged Weapons | 5 |  5.0
Axes           | 1 2 3 4 5 6 8 |  8.5
Armour         | 2 3 4 5 6 8 |  8.4
Maces & Flails | 2 3 4 |  4.4
Invocations    | 2 4 5 |  5.9
Dodging        | |  2.8

Action                   |  1- 3 |  4- 6 |  7- 9 | 10-12 || total
-------------------------+-------+-------+-------+-------++-------
Melee: Dagger            |     3 |   206 |    29 |       ||   238
       Headbutt          |     1 |    38 |    64 |    29 ||   132
       Flail             |       |       |   251 |       ||   251
       Broad axe         |       |       |       |    90 ||    90
 Fire: Shortbow          |   122 |    40 |       |       ||   162
Invok: Heroism           |       |       |     7 |     6 ||    13
  Use: Scroll            |       |     9 |     1 |     1 ||    11
       Potion            |       |     2 |     1 |       ||     3
 Stab: Sleeping          |       |     1 |       |       ||     1
       Distracted        |       |       |       |     1 ||     1
Armor: Leather armour    |    15 |    50 |       |       ||    65
       Robe              |       |    17 |     4 |       ||    21
       Scale mail        |       |       |   160 |    49 ||   209
Dodge: Dodged            |    42 |   120 |   160 |    60 ||   382
Block: Buckler           |       |    28 |    91 |    40 ||   159

Table legend: (Time is in decaauts)
 A = Elapsed time spent in this place.
 B = Non-inter-level travel time spent in this place.
 C = Inter-level travel time spent in this place.
 D = Time resting spent in this place.
 E = Time spent auto-exploring this place.
 F = Levels seen in this place.
 G = Mean time per level.
                   A        B        C        D        E       F      G
               +--------+--------+--------+--------+--------+-----+--------+
         Total |   8970 |   8377 |    593 |    272 |   6374 |  12 |  747.5 |
       Dungeon |   8934 |   8360 |    574 |    272 |   6368 |  11 |  812.2 |
        Temple |     36 |     18 |     18 |      0 |      6 |   1 |   36.0 |
               +--------+--------+--------+--------+--------+-----+--------+

Top non-repeatable levels by time:
     D:3: 1360 daAuts
     D:7: 1265 daAuts
     D:8: 1222 daAuts
     D:2: 977 daAuts
     D:4: 953 daAuts
    D:10: 705 daAuts
     D:5: 689 daAuts
     D:9: 616 daAuts
     D:1: 588 daAuts
     D:6: 536 daAuts
  Temple: 36 daAuts
    D:11: 17 daAuts
